 Dungeon Crawl Stone Soup version 0.26.1-2-gb8aa6d0cf2 (webtiles) character file.

Game seed: 6391232371524954428

91909 tronn the Cleaver (level 15, -17/138 HPs)
             Began as a Minotaur Fighter on Feb 26, 2021.
             Was a Priest of Qazlal.
             Demolished by an azure jelly (20 damage)
             ... on level 6 of the Lair of Beasts on Mar 3, 2021.
             The game lasted 02:51:28 (23358 turns).

tronn the Cleaver (Minotaur Fighter)               Turns: 23358, Time: 02:51:29

Health: -17/138    AC: 31    Str: 35    XL:     15   Next: 56%
Magic:  21/21      EV: 14    Int: 13    God:    Qazlal [***...]
Gold:   1532       SH:  0    Dex: 13    Spells: 7/23 levels left

rFire    + + .     SeeInvis +   u - +8 hand axe of a ziggurat {elec, +Rage rF+}
rCold    . . .     Faith    +   c - +1 kite shield
rNeg     + . .     Spirit   .   V - +7 chain mail of Polish {rN+ Stlth+}
rPois    .         Reflect  .   (helmet restricted)
rElec    .         Harm     .   Z - +2 cloak {Will+}
rCorr    .         Rampage  .   n - +1 pair of gloves
Will     +++..                  W - +1 pair of boots
Stlth    ..........             J - amulet of faith
HPRegen  0.33/turn              B - ring of Sarenan {Will+ Str+6}
MPRegen  0.17/turn              x - ring "Heop" {rF+ Str+6 Int+5 SInv}

@: confused, studying Fighting
A: retaliatory headbutt, horns 2, iridescent scales 1, rugged brown scales 1,
clever 1, shaggy fur 1
a: Renounce Religion, Evoke Berserk Rage, Upheaval, Elemental Force


You were on level 6 of the Lair of Beasts.
You worshipped Qazlal.
Qazlal was most pleased with you.
You visited 5 branches of the dungeon, and saw 24 of its levels.

You collected 2503 gold pieces.
You spent 971 gold pieces at shops.

Inventory:

Hand Weapons
 f - the +8 Wrath of Trog {antimagic, *Rage}
   (You found it on level 1 of the Orcish Mines)

   It reduces the magical energy of the wielder, and disrupts the spells and
   magical abilities of those hit.
   Natural abilities and divine invocations are not affected.
   It may make you go berserk in combat.
 u - the +8 hand axe of a ziggurat (weapon) {elec, +Rage rF+}
   (You found it on level 4 of the Dungeon)

   Occasionally, upon striking a foe, it can discharge electrical energy and
   cause terrible harm.
   It protects you from fire.
   It lets you go berserk.
 L - a +1 vorpal shortbow
 M - a +2 halberd of freezing
 U - the +6 falchion of Gozag {chaos, rF+ rC+ Dex+4}
   (You bought it in a shop on level 2 of the Orcish Mines)

   Each time it hits an enemy it has a different, random effect.
   It affects your dexterity (+4).
   It protects you from fire.
   It protects you from cold.
Missiles
 l - 288 arrows
 s - 29 boomerangs
 A - 13 boomerangs of dispersal
 H - 2 throwing nets
 Y - 12 silver javelins (quivered)
Armour
 c - a +1 kite shield (worn)
 n - a +1 pair of gloves (worn)
 v - the +5 robe "Xish" {rC- Regen+ Slay+2}
   (You found it on level 5 of the Dungeon)

   It affects your accuracy and damage with ranged weapons and melee attacks
   (+2).
   It makes you vulnerable to cold.
   It increases your rate of regeneration.
 F - +0 acid dragon scales
 P - the +4 scale mail of Amorality {Rampage *Drain +Blink rCorr}
   (You found it on level 9 of the Dungeon)

   It lets you blink.
   It provides partial protection from all sources of acid and corrosion.
   It causes draining when unequipped.
   It bestows one free step when moving towards enemies.
 V - the +7 chain mail of Polish (worn) {rN+ Stlth+}
   (You found it on level 1 of the Orcish Mines)

   It protects you from negative energy.
   It makes you more stealthy.
 W - a +1 pair of boots (worn)
 Z - a +2 cloak of willpower (worn)
Jewellery
 g - an uncursed ring of ice
 r - a +4 ring of evasion
 x - the ring "Heop" (right hand) {rF+ Str+6 Int+5 SInv}
   (You found it on level 5 of the Dungeon)

   [ring of strength]

   It affects your strength (+6).
   It affects your intelligence (+5).
   It protects you from fire.
   It lets you see invisible.
 z - a +6 ring of intelligence
 B - the ring of Sarenan (left hand) {Will+ Str+6}
   (You found it on level 7 of the Dungeon)

   [ring of strength]

   It affects your strength (+6).
   It affects your willpower, your defense against some magical effects.
 D - an uncursed ring of poison resistance
 J - an amulet of faith (around neck)
 K - an uncursed ring of wizardry
Wands
 m - a wand of iceblast (14)
 q - a wand of acid (12)
 N - a wand of flame (21)
 R - a wand of paralysis (7)
Scrolls
 b - a scroll of blinking
 d - 2 scrolls of amnesia
 k - 10 scrolls of teleportation
 o - 2 scrolls of magic mapping
 t - 9 scrolls of remove curse
 y - 5 scrolls of fog
 E - 2 scrolls of immolation
 Q - 3 scrolls of enchant armour
 T - a scroll of silence
 X - 2 scrolls of fear
Potions
 a - 2 potions of magic
 e - 3 potions of curing
 i - a potion of ambrosia
 p - a potion of cancellation
 w - 2 potions of flight
 G - 3 potions of lignification
Books
 C - a manual of Fighting
Miscellaneous
 O - a lightning rod (4/4)
 S - a phantom mirror


   Skills:
 * Level 12.3 Fighting
 + Level 4.3(4.8) Short Blades
 + Level 3.2(4.5) Long Blades
 + Level 13.0 Axes
 + Level 0.5 Bows
 * Level 5.6 Throwing
 * Level 10.6 Armour
 * Level 9.9 Dodging
 * Level 7.4 Stealth
 + Level 12.7 Shields
 + Level 4.8 Spellcasting
 * Level 2.1 Hexes
 + Level 3.5 Summonings
 * Level 1.9 Necromancy
 * Level 8.3 Invocations
 * Level 7.5 Evocations


You had 7 spell levels left.
You knew the following spells:

 Your Spells              Type           Power        Failure   Level
a - Corona                Hex            8%           32%         1
b - Shadow Creatures      Summ           N/A          100%        6
c - Stone Arrow           Conj/Erth      6%           94%         3
d - Animate Skeleton      Necr           16%          36%         1
e - Pain                  Necr           32%          36%         1
f - Animate Dead          Necr           4%           98%         4

Your spell library contained the following spells:

 Spells                   Type           Power        Failure   Level
 Ensorcelled Hibernation  Hex/Ice        10%          61%         2
 Sandblast                Erth           6%           63%         1
 Confusing Touch          Hex            8%           69%         3
 Tukima's Dance           Hex            8%           69%         3
 Vampiric Draining        Necr           4%           73%         3
 Passwall                 Tmut/Erth      2%           77%         2
 Dazzling Flash           Conj/Hex       10%          83%         3
 Petrify                  Tmut/Erth      3%           100%        4
 Agony                    Necr           8%           100%        5
 Borgnjor's Vile Clutch   Necr/Erth      2%           100%        5
 Lee's Rapid Deconstruct  Erth           1%           100%        5
 Silence                  Hex/Air        2%           100%        5


Dungeon Overview and Level Annotations

Branches:
Dungeon (13/15)            Temple (0/1) D:7            Lair (6/6) D:9
  Swamp (0/4) Lair:4        Snake (0/4) Lair:4        Slime (1/5) Lair:6
    Orc (2/2) D:9             Elf (2/3) Orc:2
 Vaults: D:13-14

Altars:
Dithmenos
Elyvilon
Makhleb
Qazlal
Ru
Sif Muna
Trog
Uskayaw
Vehumet
Wu Jian
Xom
Yredelemnul
Beogh

Shops:
D:4 }   D:9 *   Orc:2 [}*:*


Innate Abilities, Weirdness & Mutations

You reflexively headbutt those who attack you in melee.
You have a pair of horns on your head.
You are partially covered in iridescent scales. (AC +2)
You are partially covered in rugged brown scales. (AC +1, +3% HP)
Your mind is acute. (Int +2)
You are covered in fur. (AC +1)


Message History

* * * LOW HITPOINT WARNING * * *
The azure jelly freezes you!!
* * * LOW HITPOINT WARNING * * *
The azure jelly closely misses you. The azure jelly hits you.
* * * LOW HITPOINT WARNING * * *
The azure jelly closely misses you.
The azure jelly hits you but does no damage.
The azure jelly closely misses you. x3
Okay, then.
Okay, then.
Okay, then.
You are too confused!
You slash the azure jelly! You headbutt the azure jelly.
The azure jelly is severely wounded.
You hit the azure jelly.
The azure jelly hits you but does no damage.
The azure jelly hits you.
* * * LOW HITPOINT WARNING * * *
The azure jelly freezes you!!
You die...

...# ##.....# #..#.## #P.....P#
...###.#....######### #..#...##
....#.#.......#.#########......##
...####.......##...#.##..#.....##
###...÷.#....................#..#
♣......###......................
♣♣......# #.#............##.#....
♣≈≈....####.#.#.....##.#.#####.#.
≈≈≈....###P....☼@J.....#.## #....
÷)[.....###..###☼J.#.#..#.# ##...
♣♣.......#...# #....##.######....
♣♣#..........###...###...#.####..
.♣#.##..........................#
♣♣##.#...........>...............
♣ ####.........)................
♣ ###.....##...###.....##.... ♣♣
### #.....#....###...#..###..


You could see 2 azure jellies.

Vanquished Creatures
  Jorgrun (Orc:1)
  A sphinx (D:12)
  A tengu reaver (D:12)
  A fire giant (D:10)
  A deep elf sorcerer (Orc:1)
  2 deep elf elementalists (Orc:1)
  A deep elf annihilator (Orc:1)
  A minotaur (Lair:2)
  2 deep elf demonologists
  The ghost of SamuraiZach the Brawler, a journeyman TrMo of Ru (Lair:2)
  2 ettins
  3 fire dragons
  3 boulder beetles
  2 hydras
  Harold (Orc:1)
  5 two-headed ogres
  A dancing weapon (Elf:1)
  2 death yaks (Lair:4)
  Urug (Lair:3)
  An orc high priest (Orc:1)
  2 deep elf knights (Elf:2)
  Nergalle (Orc:1)
  2 deep trolls (Orc:1)
  A swamp dragon (shapeshifter) (D:10)
  A lindwurm (Lair:6)
  A deep elf archer (Elf:2)
  A swamp dragon (Lair:6)
  12 orc knights
  4 orc sorcerers
  2 ugly things
  11 deep elf magi
  2 cyclopes (Orc:1)
  A manticore (D:11)
  2 moths of wrath (Orc:1)
  An eye of devastation (Lair:6)
  A black mamba (Lair:6)
  Maurice (Orc:2)
  2 centaur zombies
  7 torpor snails
  3 centaur skeletons
  4 cane toads
  10 komodo dragons
  5 rime drakes
  A komodo dragon (shapeshifter) (D:13)
  A silent spectre (Orc:1)
  4 tyrant leeches (Lair:6)
  10 trolls
  A queen bee (shapeshifter) (Elf:1)
  A raiju (D:12)
  4 polar bears (Lair:6)
  8 hornets
  16 blink frogs
  6 slime creatures
  Sigmund (D:2)
  A vampire (D:12)
  A fire bat (shapeshifter) (D:12)
  2 wyverns (Lair:6)
  49 yaks
  3 vampire mosquitoes
  5 basilisks
  A steam dragon (Lair:6)
  2 nagas (Lair:4)
  8 wargs
  2 acid dragons (Lair:6)
  18 water moccasins
  2 black bears
  Duvessa (D:4)
  2 swamp drakes (Lair:6)
  37 orc warriors
  A sky beast (D:12)
  4 ice beasts
  2 phantoms
  19 wolves
  A necrophage (D:9)
  10 ogres
  9 centaurs
  A big kobold (D:10)
  A wyvern zombie (D:6)
  18 bullfrogs
  Dowan (D:4)
  5 scorpions
  A wyvern skeleton (D:7)
  A water moccasin skeleton (D:8)
  14 killer bees
  12 wights
  A howler monkey (D:7)
  2 lava snakes (D:10)
  4 bullfrog zombies
  A quasit (D:5)
  14 orc wizards
  3 hounds (D:10)
  4 jellies
  11 orc priests
  4 bullfrog skeletons
  10 iguanas
  6 worker ants
  8 hell rats
  A killer bee zombie (D:8)
  A hound zombie (D:2)
  A hound skeleton (D:7)
  A worker ant zombie (D:10)
  13 adders
  A shadow imp (D:12)
  4 white imps
  An ufetubus (D:8)
  An adder skeleton (D:7)
  2 dart slugs
  3 leopard geckos
  87 orcs
  11 bats
  7 giant cockroaches
  8 goblins
  8 hobgoblins
  7 jackals
  6 kobolds
  5 quokkas
  2 ball pythons
  7 frilled lizards
  A leopard gecko zombie (D:8)
  7 rats
650 creatures vanquished.

Vanquished Creatures (collateral kills)
  A hydra (D:13)
  An orc knight (Orc:2)
  A troll (Orc:2)
  2 slime creatures (Slime:1)
  A water elemental (D:13)
  3 orcs (Orc:2)
9 creatures vanquished.

Vanquished Creatures (others)
  An adder (D:12)
  2 orcs (Orc:1)
  2 bushes (Lair:6)
  56 fungi
  97 plants
158 creatures vanquished.

Grand Total: 817 creatures vanquished

Notes
Turn   | Place    | Note
-------+----------+-------------------------------------------
     0 | D:1      | tronn the Minotaur Fighter began the quest for the Orb.
     0 | D:1      | Reached XP level 1. HP: 19/19 MP: 0/0
   182 | D:1      | Reached XP level 2. HP: 21/27 MP: 1/1
   320 | D:1      | Reached skill level 1 in Stealth
   578 | D:1      | Found a shimmering blue altar of Sif Muna.
  1258 | D:2      | Noticed Sigmund
  1487 | D:2      | Found a stormy altar of Qazlal.
  1494 | D:2      | Became a worshipper of Qazlal Stormbringer
  1510 | D:2      | Reached XP level 3. HP: 33/33 MP: 2/2
  1556 | D:2      | Reached skill level 1 in Short Blades
  1761 | D:2      | Killed Sigmund
  1762 | D:2      | Reached skill level 1 in Dodging
  1762 | D:2      | Reached XP level 4. HP: 24/41 MP: 3/3
  1762 | D:2      | Reached XP level 5. HP: 28/47 MP: 4/4
  2317 | D:3      | Reached * piety under Qazlal
  2379 | D:3      | Reached XP level 6. HP: 48/53 MP: 5/5
  2941 | D:4      | Noticed Duvessa
  2941 | D:4      | Noticed Dowan
  2956 | D:4      | Killed Duvessa
  2958 | D:4      | Killed Dowan
  3190 | D:4      | Got a crude hand axe
  3199 | D:4      | Identified the +8 hand axe of a ziggurat {elec, +Rage rF+}
                  | (You found it on level 4 of the Dungeon)
  3475 | D:4      | Found a white marble altar of Elyvilon.
  3553 | D:4      | Found Pofofa's Gadget Shoppe.
  3812 | D:5      | Entered Level 5 of the Dungeon
  3905 | D:5      | Reached skill level 5 in Fighting
  3905 | D:5      | Reached XP level 7. HP: 61/61 MP: 6/6
  4020 | D:5      | Reached skill level 5 in Armour
  4145 | D:5      | Reached skill level 5 in Shields
  4283 | D:5      | Got a twisted robe
  4389 | D:5      | Got a wavering granite ring
  4479 | D:5      | Identified the +5 robe "Xish" {rC- Regen+ Slay+2} (You
                  | found it on level 5 of the Dungeon)
  4480 | D:5      | Identified the ring "Heop" {rF+ Str+6 Int+5 SInv} (You
                  | found it on level 5 of the Dungeon)
  4550 | D:5      | Gained mutation: Armour fits poorly on your strangely
                  | shaped body. [potion of mutation]
  4550 | D:5      | Gained mutation: You have a pair of large horns on your
                  | head. [potion of mutation]
  4776 | D:6      | Reached skill level 1 in Axes
  4777 | D:6      | Reached XP level 8. HP: 38/70 MP: 7/7
  4868 | D:6      | Found a sacrificial altar of Ru.
  4886 | D:6      | Reached skill level 2 in Axes
  5060 | D:6      | Noticed a troll
  5066 | D:6      | Killed a troll
  5459 | D:7      | Reached skill level 3 in Axes
  5641 | D:7      | Reached ** piety under Qazlal
  5658 | D:7      | Reached skill level 4 in Axes
  5658 | D:7      | Reached XP level 9. HP: 71/78 MP: 8/8
  5677 | D:7      | Got a bound ivory ring
  5706 | D:7      | Reached skill level 5 in Dodging
  5849 | D:7      | Found a staircase to the Ecumenical Temple.
  5888 | D:7      | Learned a level 1 spell: Corona
  5889 | D:7      | Identified the ring of Sarenan {Will+ Str+6} (You found it
                  | on level 7 of the Dungeon)
  6217 | D:7      | Found a burning altar of Makhleb.
  6381 | D:8      | Found a basalt altar of Yredelemnul.
  6560 | D:8      | Reached skill level 5 in Axes
  6634 | D:8      | Reached skill level 5 in Stealth
  6635 | D:8      | Reached skill level 6 in Axes
  6699 | D:8      | Noticed a two-headed ogre
  6706 | D:8      | Killed a two-headed ogre
  6706 | D:8      | Reached *** piety under Qazlal
  6707 | D:8      | Reached XP level 10. HP: 71/88 MP: 9/9
  7214 | D:9      | Reached skill level 7 in Axes
  7290 | D:9      | Found a shimmering altar of Xom.
  7294 | D:9      | Noticed a two-headed ogre
  7303 | D:9      | Killed a two-headed ogre
  7304 | D:9      | Reached skill level 1 in Throwing
  7536 | D:9      | Found a bloodstained altar of Trog.
  7548 | D:9      | Found a radiant altar of Vehumet.
  7574 | D:9      | Found a staircase to the Orcish Mines.
  7584 | D:9      | Found a staircase to the Lair.
  7651 | D:9      | Found Iskofuk's General Store.
  7656 | D:9      | Got a fine scale mail
  7664 | D:9      | Bought 2 potions of haste for 300 gold pieces
  7674 | D:9      | Identified the +4 scale mail of Amorality {Rampage *Drain
                  | +Blink rCorr} (You found it on level 9 of the Dungeon)
  7732 | D:10     | Entered Level 10 of the Dungeon
  7776 | D:10     | Lost mutation: Armour fits poorly on your strangely shaped
                  | body. [potion of mutation]
  7776 | D:10     | Lost mutation: You have a pair of large horns on your head.
                  | [potion of mutation]
  7776 | D:10     | Gained mutation: Your flesh is cold resistant. (rC+)
                  | [potion of mutation]
  7776 | D:10     | Gained mutation: Your body sometimes deteriorates upon
                  | taking damage. [potion of mutation]
  7776 | D:10     | Gained mutation: You are weak. (Str -2) [potion of
                  | mutation]
  7776 | D:10     | Gained mutation: You are covered in fur. (AC +1) [potion of
                  | mutation]
  7821 | D:10     | Reached skill level 8 in Axes
  8006 | D:10     | Noticed a fire dragon
  8016 | D:10     | Killed a fire dragon
  8017 | D:10     | Reached XP level 11. HP: 76/95 MP: 10/10
  8074 | D:10     | Noticed a shock serpent
  8077 | D:10     | a shock serpent changed into a swamp worm
  8079 | D:10     | Noticed a swamp dragon
  8079 | D:10     | a swamp worm changed into a swamp dragon
  8083 | D:10     | Killed a swamp dragon
  8142 | D:10     | Noticed an ettin
  8143 | D:10     | Noticed a fire giant
  8153 | D:10     | Killed a fire giant
  8154 | D:10     | Reached skill level 9 in Axes
  8155 | D:10     | Killed an ettin
  8193 | D:10     | Got an iridescent fustibalus
  8208 | D:10     | Identified the cursed +3 fustibalus "tronn's Regret"
                  | {flame, Int+4} (You found it on level 10 of the Dungeon)
  8509 | D:10     | Got a shimmering helmet
  8570 | D:10     | Learned a level 6 spell: Shadow Creatures
 10027 | D:11     | Noticed a purple ugly thing
 10037 | D:11     | Killed a purple ugly thing
 10038 | D:11     | Reached skill level 1 in Invocations
 10046 | D:11     | Reached skill level 1 in Evocations
 10050 | D:11     | Reached **** piety under Qazlal
 10077 | D:11     | Reached skill level 1 in Summonings
 10081 | D:11     | Reached skill level 1 in Spellcasting
 10222 | D:11     | Noticed a two-headed ogre
 10232 | D:11     | Killed a two-headed ogre
 10970 | D:12     | Noticed a tengu reaver
 10975 | D:12     | Reached XP level 12. HP: 100/106 MP: 13/13
 10989 | D:12     | Killed a tengu reaver
 10990 | D:12     | Reached skill level 10 in Axes
 11075 | D:12     | Noticed a sphinx
 11079 | D:12     | Paralysed by a sphinx for 4 turns
 11098 | D:12     | Killed a sphinx
 11099 | D:12     | Reached skill level 10 in Shields
 11106 | D:12     | Noticed a two-headed ogre
 11110 | D:12     | a two-headed ogre changed into a raiju
 11178 | D:12     | Noticed a two-headed ogre
 11185 | D:12     | Killed a two-headed ogre
 11603 | D:12     | Found a shadowy altar of Dithmenos.
 11915 | D:13     | Noticed an eight-headed hydra
 11934 | D:13     | Killed a nine-headed hydra
 11935 | D:13     | Reached skill level 10 in Fighting
 11935 | D:13     | Reached skill level 11 in Axes
 12379 | Orc:1    | Entered Level 1 of the Orcish Mines
 12412 | D:9      | Reached XP level 13. HP: 30/113 MP: 16/16
 13322 | Orc:1    | Noticed Jorgrun
 13346 | Orc:1    | HP: 2/112 [Jorgrun/iron shot (51)]
 13347 | Orc:1    | Killed Jorgrun
 13348 | Orc:1    | Reached skill level 5 in Invocations
 13828 | Orc:1    | Found a transporter.
 13935 | Orc:2    | Entered Level 2 of the Orcish Mines
 13985 | Orc:2    | Found Boigy's Assorted Antiques.
 13992 | Orc:2    | Noticed Maurice
 14004 | Orc:2    | Killed Maurice
 14055 | Orc:2    | Bought an encrusted great sword for 299 gold pieces
 14060 | Orc:2    | Identified the +4 great sword of Fate {flame, rPois rN+
                  | Will+} (You bought it in a shop on level 2 of the Orcish
                  | Mines)
 14267 | Orc:2    | Reached skill level 5 in Evocations
 14427 | Orc:2    | Found Barul's Armour Shop.
 14427 | Orc:2    | Found Evupsal's Gadget Shoppe.
 14467 | Orc:2    | Found a roughly hewn altar of Beogh.
 14639 | Orc:2    | Found Zyfroley's Book Shop.
 14639 | Orc:2    | Found Goampatt's Assorted Antiques.
 14667 | Orc:2    | Bought a scroll of blinking for 180 gold pieces
 14667 | Orc:2    | Bought a steaming falchion for 192 gold pieces
 14670 | Orc:2    | Identified the +6 falchion of Gozag {chaos, rF+ rC+ Dex+4}
                  | (You bought it in a shop on level 2 of the Orcish Mines)
 14818 | Orc:2    | Found a staircase to the Elven Halls.
 15181 | Elf:1    | Entered Level 1 of the Elven Halls
 15282 | Elf:2    | Noticed a deep elf demonologist
 15292 | Elf:1    | Killed a deep elf demonologist
 15745 | Elf:2    | Identified the +12 battleaxe "Qeghees" {vorpal, Int+4
                  | Dex+4}
 15749 | Elf:2    | Reached XP level 14. HP: 116/122 MP: 19/19
 15824 | Orc:1    | Noticed Nergalle
 16020 | Orc:1    | Found a transporter.
 16020 | Orc:1    | Found a runed translucent door.
 16020 | Orc:1    | Found a bloodstained altar of Trog.
 16021 | Orc:1    | Found the +8 Wrath of Trog {antimagic, *Rage}
 16031 | Orc:1    | Noticed a deep elf sorcerer
 16051 | Orc:1    | Noticed a deep elf elementalist
 16365 | Orc:1    | Reached skill level 12 in Axes
 16757 | Orc:1    | Noticed a deep elf elementalist
 16841 | Orc:1    | Got an agate-encrusted chain mail
 16849 | Orc:1    | Got an ichor-stained double sword
 16855 | Orc:1    | Identified the cursed +3 double sword of Taxation {freeze,
                  | rPois Dex+4} (You found it on level 1 of the Orcish Mines)
 16881 | Orc:1    | Killed a deep elf elementalist
 16889 | Orc:1    | Killed a deep elf elementalist
 16895 | Orc:1    | Killed a deep elf sorcerer
 16900 | Orc:1    | Noticed an Executioner
 17057 | Orc:1    | Noticed Harold
 17071 | Orc:1    | Killed Harold
 17116 | Orc:1    | Killed Nergalle
 17215 | Orc:1    | Found a burning altar of Makhleb.
 17417 | Lair:1   | Entered Level 1 of the Lair of Beasts
 17512 | Lair:1   | Identified the +7 chain mail of Polish {rN+ Stlth+} (You
                  | found it on level 1 of the Orcish Mines)
 17706 | Lair:1   | Learned a level 3 spell: Stone Arrow
 17980 | Lair:2   | Learned a level 1 spell: Animate Skeleton
 17982 | Lair:2   | Learned a level 1 spell: Pain
 17987 | Lair:2   | Learned a level 4 spell: Animate Dead
 18881 | Lair:2   | Noticed SamuraiZach's ghost (journeyman TrMo)
 18940 | Lair:2   | Found a runed translucent gate.
 18940 | Lair:2   | Found a runed translucent gate.
 18940 | Lair:2   | Found a runed translucent gate.
 19045 | Lair:2   | Killed SamuraiZach's ghost
 19046 | Lair:2   | Reached skill level 10 in Armour
 20058 | Lair:3   | Noticed Urug
 20076 | Lair:3   | Killed Urug
 20276 | Lair:3   | Found an ornate altar of the Wu Jian Council.
 20276 | Lair:3   | Found a hide-covered altar of Uskayaw.
 20786 | Lair:4   | Reached XP level 15. HP: 117/132 MP: 21/21
 20823 | Lair:4   | Reached skill level 1 in Hexes
 21221 | Lair:4   | Reached skill level 1 in Necromancy
 21226 | Lair:4   | Lost mutation: You are weak. (Str -2) [potion of mutation]
 21226 | Lair:4   | Lost mutation: Your body sometimes deteriorates upon taking
                  | damage. [potion of mutation]
 21226 | Lair:4   | Lost mutation: Your flesh is cold resistant. (rC+) [potion
                  | of mutation]
 21226 | Lair:4   | Gained mutation: Your mind is acute. (Int +2) [potion of
                  | mutation]
 21226 | Lair:4   | Gained mutation: You are partially covered in iridescent
                  | scales. (AC +2) [potion of mutation]
 21226 | Lair:4   | Gained mutation: You are partially covered in rugged brown
                  | scales. (AC +1, +3% HP) [potion of mutation]
 21232 | Lair:4   | Found a staircase to the Snake Pit.
 21318 | Lair:4   | Found a staircase to the Swamp.
 21600 | Lair:6   | Entered Level 6 of the Lair of Beasts
 21657 | Lair:6   | Reached skill level 5 in Throwing
 21913 | Lair:6   | Found a runed translucent door.
 22525 | Lair:6   | Found a staircase to the Slime Pits.
 22788 | Lair:6   | Reached skill level 13 in Axes
 23326 | Slime:1  | Entered Level 1 of the Pits of Slime
 23329 | Slime:1  | Noticed an azure jelly
 23332 | Slime:1  | Noticed an azure jelly
 23336 | Slime:1  | Noticed an acid blob
 23357 | Lair:6   | HP: 3/138 [azure jelly (4)]
 23358 | Lair:6   | Demolished by an azure jelly

Illustrated notes

Levels and vault maps discovered:
D:1:      dpeg_arrival_erosion, layout_basic, serial_aquarium,
          aquarium_bridge_straight [aquarium_subvault_bridge,
          aquarium_subvault_window, aquarium_subvault_bridge,
          aquarium_subvault_window], aquarium_bridge_square
          [aquarium_subvault_wall, aquarium_subvault_wall,
          aquarium_subvault_wall, aquarium_subvault_bridge],
          aquarium_window_double, aquarium_window_1, aquarium_window_2,
          aquarium_view_2b, aquarium_balcony_1b, minmay_hexomino_r4
D:2:      layout_rooms, old_standard_altar, uniq_sigmund
D:3:      layout_loops_corners, minmay_misc_feat_rows
D:4:      layout_basic, elyvilon_altar_3, serial_shops,
          nicolae_shop_behind_doors, uniq_duvessa
D:5:      layout_gridville
D:6:      layout_basic, nicolae_ru_sacrificial_ziggurat
D:7:      layout_basic, kennysheep_little_box, temple_doors_e,
          kennysheep_generic_room_4
D:8:      layout_basic, yredelemnul_altar_generic, grunt_decor_cap
D:9:      layout_big_octagon, minitemple, lair_entry_dummy, orc_0_dummy,
          serial_park, serial_park_paths [serial_park_minivault_5x5_4],
          serial_shops, nicolae_shop_stone, hex_tiny
D:10:     minmay_the_grid_4x2 [minmay_the_grid_dragon_a,
          minmay_the_grid_small_cups, minmay_the_grid_outer_diamond,
          minmay_the_grid_eight, minmay_the_grid_minigrid_small,
          minmay_the_grid_odd_star, minmay_the_grid_fan,
          minmay_the_grid_prize_diamond_cup], layout_layer_cave,
          roderic_batcave, kennysheep_potato
D:11:     layout_layer_cave
D:12:     nzn_winding_woodlands_three_and_one
          [nzn_winding_woodlands_5x15_jagged,
          nzn_winding_woodlands_5x15_split_checker,
          nzn_winding_woodlands_5x15_pathside_ponds,
          nzn_winding_woodlands_center_pierced_h], layout_rooms,
          grunt_dithmenos_shadows
D:13:     regret_index_tunnel_blossom, layout_basic, special_room
          [special_room_orc], gauntlet_entry_generic, basic_altar,
          minmay_misc_feat_ornament, bh_circular_ruins
Lair:1:   layout_misc_corridors, cheibrodos_lair_reptile_den, grunt_megastairs_4
Lair:2:   layout_cave_pods, maelrawn_ghost_gauntlet_escape, nzn_sisyphean_effort
Lair:3:   layout_regular_city, nzn_masters_of_martial_movement, uniq_urug
Lair:4:   layout_big_grid, swamp_mist_pool, guppyfry_snake_entry_garden
Lair:5:   layout_cave_pods, zaba_antful_of_joy, grunt_megastairs_3,
          uniq_josephine, uniq_rupert
Lair:6:   wormcave, layout_concentric_octagons, guppyfry_lair_end_dragon,
          minmay_slime_entry_pillars, cheibrodos_lair_lostbears
Slime:1:  layout_caves, cheibrodos_slime_lost_civilization_4
Orc:1:    emtedronai_trogs_sanctum, layout_caves, bloody_makhleb, uniq_jorgrun,
          uniq_nergalle, uniq_harold
Orc:2:    st_orc_town, layout_diamond_mine, serial_shops, shop,
          nicolae_orc_flooded_monolith, uniq_maurice
Elf:1:    layout_loops_corners, serial_shops, shop, minmay_elf_crystal_heptagon
Elf:2:    layout_geoelf_octagon, st_stairs_3

Skill      XL: |  1  2  3  4  5  6  7  8  9 10 11 12 13 14 15 |
---------------+----------------------------------------------+-----
Stealth        | 1 2 3 4 5 6 7 |  7.4
Fighting       | 4 5 6 7 8 9 10 11 12 | 12.3
Short Blades   | 2 3 4 |  4.3
Armour         | 4 6 7 8 9 10 | 10.6
Dodging        | 1 2 3 4 6 7 8 9 |  9.9
Shields        | 4 5 6 7 8 9 10 11 12 | 12.7
Axes           | 1 4 6 8 9 11 12 13 | 13.0
Throwing       | 1 2 3 4 5 |  5.6
Invocations    | 2 4 7 8 |  8.3
Evocations     | 2 4 5 7 |  7.5
Summonings     | 1 3 |  3.5
Spellcasting   | 1 3 4 |  4.8
Long Blades    | 3 |  3.2
Hexes          | 2 |  2.1
Necromancy     | 1 |  1.9
Bows           | |  0.5

Action                   |  1- 3 |  4- 6 |  7- 9 | 10-12 | 13-15 || total
-------------------------+-------+-------+-------+-------+-------++-------
Melee: Short sword       |    87 |    74 |       |       |       ||   161
       Headbutt          |     7 |    18 |    24 |   112 |   204 ||   365
       Hand axe          |       |    16 |   129 |   362 |   742 ||  1249
       Double sword      |       |       |       |       |     7 ||     7
 Fire: Shortbow          |       |       |       |       |    11 ||    11
Throw: Boomerang         |       |       |     4 |    21 |    62 ||    87
       Javelin           |       |       |       |       |    74 ||    74
       Throwing net      |       |       |       |       |     4 ||     4
Invok: Upheaval          |       |       |       |     9 |    40 ||    49
       Elemental Force   |       |       |       |     2 |     6 ||     8
 Abil: Evoke Berserk Rag |       |       |       |     2 |    10 ||    12
       Evoke Blink       |       |       |       |     1 |     1 ||     2
Evoke: Wand              |       |       |       |    16 |    37 ||    53
       Lightning rod     |       |       |       |     6 |     8 ||    14
       Phantom mirror    |       |       |       |     2 |     3 ||     5
  Use: Scroll            |     5 |     5 |     3 |    13 |     8 ||    34
       Potion            |     2 |     1 |     2 |     7 |    11 ||    23
 Stab: Invisible         |     2 |       |       |       |     3 ||     5
       Paralysed         |       |       |       |       |     3 ||     3
       Distracted        |       |       |       |       |     1 ||     1
Armor: Plate armour      |    59 |    43 |     7 |       |       ||   109
       Robe              |       |       |    12 |     4 |       ||    16
       Scale mail        |       |       |       |    79 |    76 ||   155
       Chain mail        |       |       |       |       |   180 ||   180
Dodge: Dodged            |     7 |    36 |    52 |   125 |   306 ||   526
       Repelled          |       |       |       |     1 |     5 ||     6
Block: Kite shield       |    30 |    50 |   102 |   304 |   590 ||  1076
       Other             |       |       |       |       |     4 ||     4
